 Dungeon Crawl Stone Soup version 0.17.1-1-g73c8601 (webtiles) character file.

1393 DeXoteric the Slicer (level 9, -2/51 HPs)
             Began as a Kobold Chaos Knight on Dec 30, 2015.
             Shot with an arrow by a centaur (4 damage)
             ... on level 6 of the Dungeon.
             The game lasted 00:14:35 (6159 turns).

DeXoteric the Slicer (Kobold Chaos Knight)          Turns: 6159, Time: 00:14:35

Health: -2/51      AC:  9    Str: 11    XL:     9   Next: 0%
Magic:  9/9        EV: 15    Int: 10    God:    Xom [...*..]
Gold:   178        SH:  0    Dex: 18    Spells: 0 memorised, 8 levels left

rFire  . . .     SeeInvis .     a - +3 dagger (flame)
rCold  . . .     Clarity  +     b - +2 leather armour
rNeg   . . .     SustAt   .     (shield restricted)
rPois  +         Gourm    .     (helmet restricted)
rElec  .         Spirit   .     r - +0 cloak
rCorr  .         Warding  .     (no gloves)
rMut   .         Rnd*Tele +     t - +2 pair of boots
MR     .....                    (no amulet)
Stlth  +++++.....               (no ring)
                                n - ring of teleportation (curse)

@: not resistant to hostile enchantments, quite stealthy
A: antennae 1, carnivore 3, clarity, poison resistance
a: Renounce Religion, Evoke Teleportation


You were on level 6 of the Dungeon.
You worshipped Xom.
You were a favourite toy of Xom.
You were very full.

You visited 1 branch of the dungeon, and saw 6 of its levels.

You collected 178 gold pieces.

Inventory:

Hand Weapons
 a - a +3 dagger of flaming (weapon)
Armour
 b - a +2 leather armour (worn)
 r - a +0 cloak (worn)
 t - a +2 pair of boots (worn)
Jewellery
 n - a cursed ring of teleportation (left hand)
 x - an uncursed ring of flight
Wands
 j - a wand of enslavement (17)
 y - a wand of disintegration (24)
 B - a wand of polymorph (18)
Scrolls
 d - 2 scrolls of blinking
 e - 2 scrolls of enchant weapon
 l - a scroll of magic mapping {unknown}
 m - a scroll of enchant armour
 p - a scroll of fear {unknown}
 s - a scroll of amnesia {unknown}
 A - a scroll of fog
Potions
 g - 2 potions of agility
 h - 6 potions of curing
 k - a potion of flight
 o - 2 potions of invisibility
 q - 2 potions of haste {unknown}
 u - 3 potions of poison {unknown}
 v - a potion of brilliance {unknown}
 w - 2 potions of magic {unknown}
 z - a potion of heal wounds {unknown}
Miscellaneous
 i - a phial of floods (inert)
Comestibles
 c - 3 meat rations
 f - 2 beef jerkies
 C - 2 chunks of flesh


   Skills:
 - Level 3.2 Fighting
 + Level 10.5 Short Blades
 - Level 0.7 Armour
 - Level 2.4 Dodging
 + Level 10.1 Stealth


You had 8 spell levels left.
You didn't know any spells.

Dungeon Overview and Level Annotations

Branches:
Dungeon (6/15)             Temple (0/1) D:6

Altars:
Dithmenos
Elyvilon
Gozag
Makhleb
Nemelex Xobeh
Okawaru
Ru
Trog

Annotations:
D:6 Glider's ghost, novice GrCj


Innate Abilities, Weirdness & Mutations

You are small and have problems with some larger weapons.
You are carnivorous and can eat meat at any time.
You have a pair of small antennae on your head.
You possess an exceptional clarity of mind.
Your system is resistant to poisons.


Message History

Glider's ghost casts a spell at you.
The spray of energy hits your butterfly.
Your butterfly dies!
Glider's ghost gestures at you while chanting.
The spray of energy hits your butterfly.
Your butterfly dies!
You barely miss the butterfly.
A centaur comes into view.
The centaur wields a shortbow.
The centaur shoots an arrow.
The arrow closely misses you. "Get over here!"
The butterfly blinks!
The centaur shoots an arrow.
The arrow hits you!
* * * LOW HITPOINT WARNING * * *
You see here an arrow.
You take 9 damage, and have 10/51 hp.
The centaur shoots an arrow.
The arrow hits you!
* * * LOW HITPOINT WARNING * * *
The centaur shoots an arrow.
The arrow hits you.
You die...
Xom laughs nastily!

#.# #.##### #..# #.# #.# #.#
#######..###.## ##.## #.#
#.............# ###...###
##.# #c#####..###(.# .......g
..# #..# #..# #.b)# #.# #..#
#..# #)# ##(## # #..# #..#
#.#######b..##.# #..# #..##
#.รท....W..b(K..# #..###....
#########b..########.........
##...........####.###
#.########### ##.## #.#
#...## #c# #..... l ..#
#...## ### #####


You could see a centaur and Glider's ghost.

Vanquished Creatures
  4 ogres
  A centaur (D:6)
  A giant frog (D:6)
  A water moccasin skeleton (D:4)
  4 orc wizards
  3 orc priests (D:6)
  2 giant frog zombies
  Jessica (D:2)
  Terence (D:2)
  2 hounds
  2 iguanas
  2 worker ants
  A hound skeleton (D:5)
  A gnoll (shapeshifter) (D:2)
  7 adders
  6 gnolls
  A shadow imp (D:6)
  A river rat (D:1)
  An ooze (D:1)
  A worm (D:3)
  4 giant geckos
  16 orcs
  9 giant cockroaches
  8 hobgoblins
  4 quokkas
  A ball python (D:2)
  9 bats
  6 giant newts
  7 goblins
  13 jackals
  11 kobolds
  9 rats
140 creatures vanquished.

Vanquished Creatures (collateral kills)
  Edmund (D:6)
  A gnoll sergeant (D:6)
  An orc priest (D:6)
  A gnoll (D:6)
4 creatures vanquished.

Vanquished Creatures (others)
  A fulminant prism (D:6)
1 creature vanquished.

Grand Total: 145 creatures vanquished

Notes
Turn   | Place    | Note
--------------------------------------------------------------
     0 | D:1      | DeXoteric the Kobold Chaos Knight began the quest for the Orb.
     0 | D:1      | Reached XP level 1. HP: 14/14 MP: 1/1
    47 | D:1      | XOM: divination: detect creatures
    56 | D:1      | Reached skill level 1 in Stealth
    56 | D:1      | Reached XP level 2. HP: 19/19 MP: 2/2
   167 | D:1      | XOM: noise
   192 | D:1      | Reached XP level 3. HP: 16/23 MP: 3/3
   497 | D:1      | XOM: silly message
   614 | D:1      | Reached skill level 5 in Short Blades
   990 | D:2      | Noticed Terence
   995 | D:2      | Killed Terence
   995 | D:2      | Reached XP level 4. HP: 28/28 MP: 4/4
  1190 | D:2      | XOM: 8-stop teleportation journey
  1242 | D:2      | Noticed Jessica
  1251 | D:2      | Killed Jessica
  1251 | D:2      | Reached XP level 5. HP: 32/32 MP: 5/5
  1303 | D:2      | Reached skill level 6 in Short Blades
  1385 | D:2      | XOM: harmless Trmt miscast
  2054 | D:3      | Reached skill level 5 in Stealth
  2055 | D:3      | XOM: silly message
  2272 | D:3      | Reached XP level 6. HP: 37/37 MP: 6/6
  2428 | D:3      | Found an iron altar of Okawaru.
  2433 | D:3      | XOM: chaos upgrade
  2845 | D:3      | Found a sacrificial altar of Ru.
  2886 | D:3      | XOM: vitrification
  2911 | D:3      | Reached skill level 7 in Short Blades
  2934 | D:3      | XOM: harmless Fire miscast
  3204 | D:4      | HP: 1/37 [poisoned by a worker ant]
  3725 | D:4      | XOM: mild Ice miscast
  3752 | D:4      | XOM: god gift: phial of floods
  3903 | D:4      | Found a sparkling altar of Nemelex Xobeh.
  3946 | D:4      | XOM: confuse monster(s)
  3951 | D:4      | Reached XP level 7. HP: 41/41 MP: 7/7
  4006 | D:4      | XOM: summons 4 friendly demons
  4055 | D:4      | XOM: god gift: purple potion
  4103 | D:4      | Reached skill level 8 in Short Blades
  4192 | D:4      | Found an opulent altar of Gozag.
  4192 | D:4      | Found a burning altar of Makhleb.
  4196 | D:4      | XOM: god gift: bubbling cyan potion
  4426 | D:5      | Entered Level 5 of the Dungeon
  4976 | D:5      | Found a shadowy altar of Dithmenos.
  4976 | D:5      | Found a white marble altar of Elyvilon.
  4976 | D:5      | Found a bloodstained altar of Trog.
  5142 | D:5      | XOM is BORED!
  5142 | D:5      | XOM: medium Trmt miscast
  5216 | D:6      | Reached XP level 8. HP: 46/46 MP: 8/8
  5232 | D:6      | Reached skill level 9 in Short Blades
  5256 | D:6      | Found a staircase to the Ecumenical Temple.
  5279 | D:6      | XOM: 7-stop teleportation journey
  5478 | D:6      | XOM: give mutation
  5478 | D:6      | Gained mutation: You have a pair of small antennae on your head. [Xom's mischief]
  5760 | D:6      | Noticed Edmund
  5823 | D:6      | Killed Edmund
  5823 | D:6      | Reached skill level 10 in Short Blades
  5889 | D:6      | XOM: give mutations
  5889 | D:6      | Gained mutation: Your system is resistant to poisons. [Xom's grace]
  5889 | D:6      | Gained mutation: You possess an exceptional clarity of mind. [Xom's grace]
  5913 | D:6      | XOM: summons 3 friendly demons
  6116 | D:6      | XOM: divination: detect creatures
  6128 | D:6      | Noticed Glider's ghost (novice GrCj)
  6133 | D:6      | Reached skill level 10 in Stealth
  6138 | D:6      | Reached XP level 9. HP: 43/51 MP: 9/9
  6142 | D:6      | XOM: butterfly on damage
  6158 | D:6      | XOM: blink monster(s)
  6159 | D:6      | HP: 2/51 [centaur/arrow (8)]
  6159 | D:6      | Shot with an arrow by a centaur

Action                   |  1- 3 |  4- 6 |  7- 9 || total
-------------------------+-------+-------+-------++-------
Melee: Short sword       |    64 |    73 |       ||   137
       Dagger            |       |   171 |   169 ||   340
Evoke: Phial of floods   |       |       |     1 ||     1
  Use: Scroll            |       |     5 |     5 ||    10
 Stab: Petrifying        |     1 |       |       ||     1
       Sleeping          |     3 |    10 |    13 ||    26
       Confused          |     1 |     1 |       ||     2
       Paralysed         |       |     2 |       ||     2
       Distracted        |       |       |     1 ||     1
  Eat: Chunk             |     9 |     8 |     6 ||    23
